 Dungeon Crawl Stone Soup version 0.28.0 (webtiles) character file.

Game seed: 11949433423443815271

18 spaghetti the Sneak (level 2, -1/23 (28) HPs)
             Began as a Naga Delver on Feb 18, 2022.
             Slain by a necrophage (4 damage)
             ... on level 5 of the Dungeon.
             The game lasted 00:01:30 (463 turns).

spaghetti the Sneak (Naga Delver)                    Turns: 463, Time: 00:01:31

HP:   -1/23 (28)    AC:  2    Str: 14    XL:     2   Next: 66%
MP:   2/2           EV:  9    Int: 10    God:
Gold: 16            SH:  3    Dex: 12    Spells: 1/1 levels left

rFire   . . .      SeeInvis +     - Unarmed
rCold   . . .      Faith    .   h - +0 buckler
rNeg    . . .      Spirit   .   a - +0 leather armour
rPois   +          Reflect  .   (no helmet)
rElec   .          Harm     .   (no cloak)
rCorr   .          Rampage  .   (no gloves)
Will    .....                   (no barding)
Stlth   +++.......              (no amulet)
HPRegen 0.07/turn               (no ring)
MPRegen 0.08/turn               (no ring)

@: hasted, heavily drained, quick
A: AC +0, large, see invisible, deformed body, poison resistance, slowness 2,
spit poison 1, naga tail 1
a: Spit Poison


You were on level 5 of the Dungeon.
You visited 1 branch of the dungeon, and saw 2 of its levels.

You collected 16 gold pieces.

Inventory:

Armour
 a - a +0 leather armour (worn)
 h - a +0 buckler (worn)
Jewellery
 c - an amulet of faith
 g - a ring of flight
Wands
 f - a wand of digging (2)
Scrolls
 b - a scroll of fog
 d - a scroll of fear


   Skills:
 - Level 3.0 Fighting
 - Level 1.5 Dodging
 - Level 7.2 Stealth
 + Level 0.0 Shields
 + Level 3.1 Unarmed Combat


You had one spell level left.
You didn't know any spells.
Your spell library was empty.

Dungeon Overview and Level Annotations

Branches:
Dungeon (6/15)
 Temple: D:4-7

Altars:
Hepliaklqana

Annotations:
D:5 1 transporter


Innate Abilities, Weirdness & Mutations

Your serpentine skin is tough. (AC +0)
You have supernaturally acute eyesight. (SInv)
Armour fits poorly on your strangely shaped body.
Your system is resistant to poisons. (rPois)
You cover ground very slowly.
You can spit poison.
You have a snake-like lower body.


Message History

You block the necrophage's attack.
You closely miss the necrophage.
The necrophage is moderately damaged.
The necrophage hits you.
You feel drained.
You barely miss the necrophage.
The necrophage is moderately damaged.
You hit the necrophage but do no damage.
The necrophage is moderately damaged.
The necrophage barely misses you.
Okay, then.
You barely miss the necrophage.
The necrophage is moderately damaged.
The necrophage hits you.
You feel drained.
You closely miss the necrophage.
The necrophage is moderately damaged.
Okay, then.
You barely miss the necrophage.
The necrophage is moderately damaged.
The necrophage hits you.
You feel drained.
You closely miss the necrophage.
The necrophage is moderately damaged.
You hit the necrophage but do no damage.
The necrophage is moderately damaged.
You block the necrophage's attack.
You hit the necrophage.
The necrophage is heavily damaged.
The necrophage hits you.
* * * LOW HITPOINT WARNING * * *
You barely miss the necrophage.
The necrophage is heavily damaged.
You hit the necrophage.
The necrophage is heavily damaged.
The necrophage hits you.
* * * LOW HITPOINT WARNING * * *
You feel drained.
* * * LOW HITPOINT WARNING * * *
You hit the necrophage.
The necrophage is heavily damaged.
The necrophage hits you.
You die...

,,******##...............#####...
,,****,*.........#####...........
,,,*,,,+.........#...#...........
,,,*,,,*.J.......#...#...........
,,,*,,,,.........#...#..........,
,,,*,,*.#.#.#.#.##...#..........,
+****,.............#.#..........,
,,****#.#.#.#.#.####'##'####+###*
,,,,,*,.........@##..........#,,,
,,,,,**,#.#.#.#n###.(........#,,,
,,,,,*,,.........##..........#,,,
,,,,,*#.#.#.#.#.##....######.#*,,
,,,***...........###.......#,#*,,
,,,,**#<#.#.#.#.## #.......#,,,,,
,,,,**,,.........# #.......#,,,,,
,,,,***,#.#.#.#.## #.......#,,,,,
***** **######### #.......#*****


You could see a necrophage.

Vanquished Creatures
  A hound skeleton (D:5)
  A worm (D:5)
  An orc (D:5)
3 creatures vanquished.

Notes
Turn   | Place    | Note
-------+----------+-------------------------------------------
     0 | D:5      | spaghetti the Naga Delver began the quest for the Orb.
     0 | D:5      | Reached XP level 1. HP: 21/21 MP: 1/1
     1 | D:6      | Noticed an orc wizard
    21 | D:5      | Found a hazy altar of Hepliaklqana.
   208 | D:5      | Found a transporter.
   235 | D:5      | Reached XP level 2. HP: 14/28 MP: 2/2
   434 | D:5      | Noticed a necrophage
   463 | D:5      | Slain by a necrophage

Illustrated notes

Levels and vault maps discovered:
D:5:      gammafunk_cloud_chamber, layout_gridville, kennysheep_mini_moat,
          hangedman_glass_teeth, st_stairs_10, uniq_ijyb
D:6:      layout_loops_ring, small_statue_intersection,
          nicolae_elevator_lobby_asterisk

Skill      XL: |  1 |
---------------+----+-----
Unarmed Combat | 3 |  3.1
Fighting       | |  3.0
Dodging        | |  1.5
Stealth        | |  7.2

Action                   || total
-------------------------++-------
Melee: Unarmed           ||    31
 Abil: Spit Poison       ||     6
Evoke: Wand              ||     1
  Use: Scroll            ||     1
       Potion            ||     1
 Stab: Sleeping          ||     1
Armor: Leather armour    ||     1
Dodge: Dodged            ||    11
Block: Buckler           ||     3
